Canucks vs Avalanche

Created - 2 décembre 2025 at 08:28

Goals
1 2 3 T
Canucks 0 2 1 3
Avalanche 0 1 0 1
Shots
1 2 3 T
Canucks 2 16 7 25
Avalanche 11 12 14 37

GoalsPenalties
1st period
No Goal
David Pastrnak (COL) for Cross-checking (Minor) at 4:46
Johnathan Kovacevic (VAN) for High sticking (Minor) at 7:37
Jakob Chychrun (VAN) for Roughing (Minor) at 11:27
2nd period
1. Canucks , Max Pacioretty 4 (Tomas Tatar 13, Jonny Brodzinski 4) at 0:40
2. Avalanche , Alex Pietrangelo 2 (Jordan Kyrou 9, Matty Beniers 8) at 11:45 (PP)
3. Canucks , Drew O'Connor 10 (Jonathan Drouin 13, Casey Cizikas 7) at 17:40
Lane Hutson (VAN) for Roughing (Minor) at 3:00
Oliver Ekman-Larsson (VAN) for Cross-checking (Minor) at 10:23
Travis Sanheim (COL) for Cross-checking (Minor) at 13:07
3rd period
4. Canucks , Jakob Chychrun 3 (Jonathan Huberdeau 13) at 19:24 (Empty Net)
Carson Soucy (VAN) for Tripping (Minor) at 0:54
Goalie Stats
Calvin Pickard (VAN), 36 saves from 37 shots - (0,973), W, 4-2-1, 60:00 minutes
Jeremy Swayman (COL), 22 saves from 24 shots - (0,917), L, 12-5-1, 59:36 minutes
3 StarsOfficial
1 - Calvin Pickard (VAN)
2 - Max Pacioretty (VAN)
3 - Jakob Chychrun (VAN)
Referees : Marie-Eve Couture and TJ Luxmore
Linesman : Matthew Heinen and Antoine Bujold-Roux
Game Note
0:56 of 1st period - Penalty Shot by Lane Hutson for Canucks - Shot Misses the Net
Jakob Chychrun has scored in a empty net!
Finance
Level 1 -- Attendance: 4651 (72%) -- Ticket Income $455,798
Level 2 -- Attendance: 3921 (71%) -- Ticket Income $227,418
Level 3 -- Attendance: 2626 (75%) -- Ticket Income $94,536
Level 4 -- Attendance: 2898 (64%) -- Ticket Income $63,756
Luxury Box -- Attendance: 971 (97%) -- Ticket Income $184,490
Game was played at the Pepsi Center.
Total Attendance: 15067 (72%)
Total Ticket Income: $1,025,998
Other Income: $307,799
Total Income: $1,333,797



Team Name Goals Shots Shots Attemp Shots Blocked PIM HIT PP PK FO%
Canucks 32552510340 / 2 (0%)154%
Avalanche 1375774211 / 6 (17%)046%

Canucks
Player Name POS G A P +/- PIM HIT SHT SB MP PP MP PP SHT PK MP PK SHT FO% FOT GA TA
Carson SoucyD0001202119:531:1802:3100% 001
Casey CizikasC/LW0111011018:381:3802:40067% 910
Drew O'ConnorLW/RW1011021014:161:3800:0000% 000
Jacob BrysonD000000003:580:0000:2900% 000
Jakob ChychrunD1012233227:322:4014:1400% 022
Johnathan KovacevicD0001230019:241:1802:3300% 000
Jonathan DrouinLW/RW0111040014:161:3800:0000% 111
Jonathan HuberdeauLW/RW0111044021:332:1305:1310% 100
Jonny BrodzinskiC/LW/RW0111016014:540:0701:25040% 1000
Kirby DachC/RW000001005:460:0700:00067% 610
Lane HutsonD0000210010:450:0000:0000% 000
Matt DucheneC/RW0001014025:522:1305:03160% 3000
Max PaciorettyLW/RW1011072014:130:0001:3500% 210
Oliver Ekman-LarssonD0002230126:112:4004:5600% 003
Stefan NoesenRW0001020020:342:1302:40050% 200
Tomas TatarLW/RW0111002012:540:0700:00050% 200
Vincent DesharnaisD0000010114:320:0003:5300% 000
William CarrierLW000000005:250:0000:0000% 000
Avalanche
Player Name POS G A P +/- PIM HIT SHT SB MP PP MP PP SHT PK MP PK SHT FO% FOT GA TA
Alex PietrangeloD1010013121:103:4411:3600% 001
Artemi PanarinLW/RW000-3014018:065:0810:0000% 001
Bo HorvatC/LW/RW000-2022119:445:0811:36048% 2500
Brayden PointC/RW000-1025022:095:3400:16032% 1910
David PastrnakRW000-1224020:555:0810:0000% 100
Dylan DeMeloD0000021113:530:0002:2200% 000
Esa LindellD000-2032120:110:0002:2200% 000
J.J. PeterkaLW/RW0000023014:024:1000:0000% 010
Jake SandersonD000-1014125:165:3431:3600% 002
Jordan KyrouRW011-2013016:424:1010:00033% 301
Jordan StaalC0000001012:130:0002:09064% 1100
Leo CarlssonC/LW/RW000000108:440:0000:13050% 210
Logan O'ConnorRW0000020010:470:0002:0900% 001
Matty BeniersC0110000115:004:1000:350100% 210
Michael BuntingLW000001408:310:0000:0000% 010
Morgan GeekieC/LW/RW0000010016:000:0000:5800% 010
Ryker EvansD0000000010:480:0000:0000% 000
Travis SanheimD000-3200121:493:4400:0000% 010

Canucks

5 vs 5 Forward
Line #Left WingCenterRight WingPHYDFOFWanted %Time %Time Play
1Jonathan HuberdeauMatt DucheneStefan Noesen1224031%14:35
2Jonathan DrouinCasey CizikasDrew O'Connor1223031%14:20
3Tomas TatarJonny BrodzinskiMax Pacioretty1222026%12:07
4William CarrierKirby DachMatt Duchene1221012%5:25
5 vs 5 Defense
Line #DefenseDefensePHYDFOFWanted %Time %Time Play
1Jakob ChychrunOliver Ekman-Larsson1224039%18:19
2Carson SoucyJohnathan Kovacevic1223034%15:34
3Lane HutsonVincent Desharnais1222023%10:39
4Jacob BrysonJakob Chychrun122104%1:55
Power Play Forward
Line #Left WingCenterRight WingPHYDFOFWanted %Time %Time Play
1Jonathan HuberdeauMatt DucheneStefan Noesen1226059%2:20
2Jonathan DrouinCasey CizikasDrew O'Connor1224041%1:38
Power Play Defense
Line #DefenseDefensePHYDFOFWanted %Time %Time Play
1Jakob ChychrunOliver Ekman-Larsson1226067%2:40
2Carson SoucyJohnathan Kovacevic1224033%1:18
Penalty Kill 4 Players Forward
Line #CenterWingPHYDFOFWanted %Time %Time Play
1Matt DucheneJonathan Huberdeau1226071%6:38
2Stefan NoesenCasey Cizikas1224029%2:40
Penalty Kill 4 Players Defense
Line #DefenseDefensePHYDFOFWanted %Time %Time Play
1Jakob ChychrunOliver Ekman-Larsson1226062%5:48
2Carson SoucyJohnathan Kovacevic1224038%3:30
Penalty Kill 3 Players
Line #WingPHYDFOFWanted %Time %Time PlayDefenseDefensePHYDFOFWanted %Time %Time Play
1Matt Duchene122600%0:00 Jakob ChychrunOliver Ekman-Larsson122600%0:00
2Jonathan Huberdeau122400%0:00 Carson SoucyJohnathan Kovacevic122400%0:00
4 vs 4 Forward
Line #CenterWingPHYDFOFWanted %Time %Time Play
1Matt DucheneJonathan Huberdeau122600%0:00
2Stefan NoesenCasey Cizikas122400%0:00
4 vs 4 Defense
Line #DefensePHYDFOFWanted %Time %Time Play
1Jakob ChychrunOliver Ekman-Larsson122600%0:00
2Carson SoucyJohnathan Kovacevic122400%0:00
Last Minutes Offensive
Left WingCenterRight WingDefenseDefense
Jonathan HuberdeauMatt DucheneStefan NoesenJakob ChychrunOliver Ekman-Larsson
Last Minutes Defensive
Left WingCenterRight WingDefenseDefense
Jonathan HuberdeauMatt DucheneStefan NoesenJakob ChychrunOliver Ekman-Larsson
Time
Total ForwardTotal DefenseLast Minutes OffensiveLast Minutes Defensive
60:00 60:00 0:000:17
Extra Forwards
Normal PowerPlayPenalty Kill
Tomas Tatar, Jonny Brodzinski, Max PaciorettyTomas Tatar, Jonny BrodzinskiMax Pacioretty
Extra Defensemen
Normal PowerPlayPenalty Kill
Lane Hutson, Vincent Desharnais, Jacob BrysonLane Hutson, Vincent DesharnaisJacob Bryson
Penalty Shots
Matt Duchene, Jonathan Huberdeau, Stefan Noesen, Casey Cizikas, Jonathan Drouin
Goalie
Calvin Pickard, Ukko-Pekka Luukkonen
Scratches
None

Avalanche

5 vs 5 Forward
Line #Left WingCenterRight WingPHYDFOFWanted %Time %Time Play
1Morgan GeekieBrayden PointDavid Pastrnak1133634%15:34
2Artemi PanarinBo HorvatJordan Kyrou1133228%12:57
3J.J. PeterkaJordan StaalMatty Beniers1222320%9:21
4Michael BuntingLeo CarlssonLogan O'Connor131918%8:31
5 vs 5 Defense
Line #DefenseDefensePHYDFOFWanted %Time %Time Play
1Jake SandersonAlex Pietrangelo1223839%17:57
2Travis SanheimEsa Lindell1313537%17:07
3Dylan DeMeloRyker Evans1312223%10:48
4Jake SandersonTravis Sanheim11351%0:31
Power Play Forward
Line #Left WingCenterRight WingPHYDFOFWanted %Time %Time Play
1Artemi PanarinBo HorvatDavid Pastrnak1045555%5:08
2J.J. PeterkaMatty BeniersJordan Kyrou1044545%4:10
Power Play Defense
Line #DefenseDefensePHYDFOFWanted %Time %Time Play
1Brayden PointJake Sanderson1135560%5:34
2Travis SanheimAlex Pietrangelo1134540%3:44
Penalty Kill 4 Players Forward
Line #CenterWingPHYDFOFWanted %Time %Time Play
1Jordan StaalLogan O'Connor1316076%3:00
2Bo HorvatMorgan Geekie1314024%0:58
Penalty Kill 4 Players Defense
Line #DefenseDefensePHYDFOFWanted %Time %Time Play
1Esa LindellDylan DeMelo1316060%2:22
2Jake SandersonAlex Pietrangelo1314040%1:36
Penalty Kill 3 Players
Line #WingPHYDFOFWanted %Time %Time PlayDefenseDefensePHYDFOFWanted %Time %Time Play
1Jordan Staal140600%0:00 Esa LindellDylan DeMelo140600%0:00
2Bo Horvat140400%0:00 Jake SandersonAlex Pietrangelo140400%0:00
4 vs 4 Forward
Line #CenterWingPHYDFOFWanted %Time %Time Play
1Brayden PointDavid Pastrnak122550%0:00
2Bo HorvatArtemi Panarin122450%0:00
4 vs 4 Defense
Line #DefensePHYDFOFWanted %Time %Time Play
1Jake SandersonTravis Sanheim122600%0:00
2Alex PietrangeloEsa Lindell122400%0:00
Last Minutes Offensive
Left WingCenterRight WingDefenseDefense
Artemi PanarinBrayden PointDavid PastrnakJake SandersonTravis Sanheim
Last Minutes Defensive
Left WingCenterRight WingDefenseDefense
Jordan StaalBo HorvatLogan O'ConnorEsa LindellJake Sanderson
Time
Total ForwardTotal DefenseLast Minutes OffensiveLast Minutes Defensive
60:00 60:00 0:210:00
Extra Forwards
Normal PowerPlayPenalty Kill
Jordan Staal, Morgan Geekie, Matty BeniersJordan Staal, Morgan GeekieMatty Beniers
Extra Defensemen
Normal PowerPlayPenalty Kill
Dylan DeMelo, Ryker Evans, Alex PietrangeloDylan DeMelo, Ryker EvansAlex Pietrangelo
Penalty Shots
David Pastrnak, Brayden Point, Artemi Panarin, Bo Horvat, Jordan Kyrou
Goalie
Jeremy Swayman, Alex Nedeljkovic
Scratches
Brett Leason (Healthy), Emil Lilleberg (Healthy)


Play-by-Play

1st period


0:01 of 1st period - Brayden Point wins face-off versus Matt Duchene in neutral zone.
0:10 of 1st period - Snap shot by Jonathan Huberdeau.
0:10 of 1st period - Deflect By Stefan Noesen.
0:10 of 1st period - Shot Blocked by Jake Sanderson.
0:10 of 1st period - Puck is out of play.
0:11 of 1st period - Bo Horvat wins face-off versus Casey Cizikas in Avalanche zone.
0:56 of 1st period - Penalty Shot by Lane Hutson for Canucks.
0:56 of 1st period - Deke by Lane Hutson.
0:56 of 1st period - Shot Misses the Net.
0:57 of 1st period - Matty Beniers wins face-off versus Jonny Brodzinski in Canucks zone.
1:01 of 1st period - Slapshot by J.J. Peterka.
1:01 of 1st period - Stopped by Calvin Pickard without a rebound.
1:02 of 1st period - Jordan Staal wins face-off versus Jonny Brodzinski in Canucks zone.
1:09 of 1st period - Snap shot by Tomas Tatar.
1:09 of 1st period - Shot Misses the Net.
1:55 of 1st period - Brayden Point is hit by Max Pacioretty and loses puck.
2:32 of 1st period - Wrist shot by J.J. Peterka.
2:32 of 1st period - Stopped by Calvin Pickard without a rebound.
2:33 of 1st period - Matt Duchene wins face-off versus Bo Horvat in Canucks zone.
2:48 of 1st period - Off-side.
2:49 of 1st period - Casey Cizikas wins face-off versus Brayden Point in neutral zone.
3:16 of 1st period - Jake Sanderson is hit by Jonathan Huberdeau and loses puck.
4:07 of 1st period - Snap shot by Jonathan Drouin.
4:07 of 1st period - Shot Blocked by Esa Lindell.
4:09 of 1st period - Snap shot by Jonathan Drouin.
4:09 of 1st period - Shot Misses the Net.
4:19 of 1st period - Slapshot by David Pastrnak.
4:19 of 1st period - Stopped by Calvin Pickard without a rebound.
4:20 of 1st period - Brayden Point wins face-off versus Jonny Brodzinski in Canucks zone.
4:29 of 1st period - Slapshot by Brayden Point.
4:29 of 1st period - Stopped by Calvin Pickard with a rebound.
4:31 of 1st period - Snap shot by Brayden Point.
4:31 of 1st period - Stopped by Calvin Pickard without a rebound.
4:32 of 1st period - Matt Duchene wins face-off versus Brayden Point in Canucks zone.
4:39 of 1st period - Wrist shot by Matt Duchene.
4:39 of 1st period - Stopped by Jeremy Swayman without a rebound.
4:40 of 1st period - Matt Duchene wins face-off versus Brayden Point in Avalanche zone.
4:46 of 1st period - Minor Penalty to David Pastrnak for Cross-checking.
4:47 of 1st period - Matt Duchene wins face-off versus Jordan Staal in Avalanche zone.
5:17 of 1st period - Dylan DeMelo is hit by Jonathan Huberdeau and loses puck.
5:50 of 1st period - Snap shot by Matt Duchene.
5:50 of 1st period - Shot Misses the Net.
5:52 of 1st period - Slapshot by Jonathan Huberdeau.
5:52 of 1st period - Shot Misses the Net.
5:54 of 1st period - Snap shot by Jakob Chychrun.
5:54 of 1st period - Shot Misses the Net.
5:56 of 1st period - Slapshot by Oliver Ekman-Larsson.
5:56 of 1st period - Shot Blocked by Dylan DeMelo.
5:58 of 1st period - Slapshot by Jakob Chychrun.
5:58 of 1st period - Stopped by Jeremy Swayman without a rebound.
5:59 of 1st period - Jordan Staal wins face-off versus Casey Cizikas in Avalanche zone.
6:46 of 1st period - Penalty to David Pastrnak is over, David Pastrnak is back on ice.
6:51 of 1st period - Bo Horvat is hit by Kirby Dach and loses puck.
7:16 of 1st period - Snap shot by David Pastrnak.
7:16 of 1st period - Shot Misses the Net.
7:37 of 1st period - Minor Penalty to Johnathan Kovacevic for High sticking.
7:38 of 1st period - Matty Beniers wins face-off versus Matt Duchene in Canucks zone.
8:47 of 1st period - J.J. Peterka is hit by Stefan Noesen and loses puck.
9:06 of 1st period - Matt Duchene is hit by Jake Sanderson and loses puck.
9:37 of 1st period - Penalty to Johnathan Kovacevic is over, Johnathan Kovacevic is back on ice.
11:08 of 1st period - Wrist shot by Michael Bunting.
11:08 of 1st period - Shot Blocked by Carson Soucy.
11:10 of 1st period - Snap shot by Michael Bunting.
11:10 of 1st period - Stopped by Calvin Pickard without a rebound.
11:11 of 1st period - Jonny Brodzinski wins face-off versus Bo Horvat in Canucks zone.
11:11 of 1st period - Jonny Brodzinski is hit by Bo Horvat.
11:19 of 1st period - Slapshot by Jakob Chychrun.
11:19 of 1st period - Deflect By Max Pacioretty.
11:19 of 1st period - Shot Misses the Net.
11:19 of 1st period - Puck is out of play.
11:20 of 1st period - Bo Horvat wins face-off versus Jonny Brodzinski in Avalanche zone.
11:20 of 1st period - Bo Horvat is hit by Jakob Chychrun.
11:27 of 1st period - Minor Penalty to Jakob Chychrun for Roughing.
11:28 of 1st period - Matt Duchene wins face-off versus Bo Horvat in Canucks zone.
11:36 of 1st period - Wrist shot by Jake Sanderson.
11:36 of 1st period - Stopped by Calvin Pickard with a rebound.
11:38 of 1st period - Slapshot by Jake Sanderson.
11:38 of 1st period - Deflect By Matt Duchene.
11:38 of 1st period - Stopped by Calvin Pickard with a rebound.
11:56 of 1st period - J.J. Peterka is hit by Oliver Ekman-Larsson and loses puck.
12:13 of 1st period - Icing by Jake Sanderson.
12:14 of 1st period - Bo Horvat wins face-off versus Stefan Noesen in Avalanche zone.
12:21 of 1st period - Snap shot by David Pastrnak.
12:21 of 1st period - Deflect By Bo Horvat.
12:21 of 1st period - Stopped by Calvin Pickard with a rebound.
13:27 of 1st period - Penalty to Jakob Chychrun is over, Jakob Chychrun is back on ice.
13:42 of 1st period - Wrist shot by Tomas Tatar.
13:42 of 1st period - Shot Misses the Net.
13:48 of 1st period - Slapshot by Brayden Point.
13:48 of 1st period - Stopped by Calvin Pickard with a rebound.
13:58 of 1st period - Matty Beniers is hit by Drew O'Connor and loses puck.
14:32 of 1st period - Logan O'Connor is hit by Jonathan Drouin.
15:22 of 1st period - Jonathan Drouin is hit by Alex Pietrangelo and loses puck.
15:47 of 1st period - Off-side.
15:48 of 1st period - Bo Horvat wins face-off versus Tomas Tatar in neutral zone.
15:55 of 1st period - Slapshot by Jakob Chychrun.
15:55 of 1st period - Shot Misses the Net.
15:57 of 1st period - Slapshot by Max Pacioretty.
15:57 of 1st period - Shot Blocked by Bo Horvat.
15:59 of 1st period - Snap shot by Jonny Brodzinski.
15:59 of 1st period - Deflect By Bo Horvat.
15:59 of 1st period - Shot Misses the Net.
15:59 of 1st period - Puck is out of play.
16:00 of 1st period - Bo Horvat wins face-off versus Matt Duchene in Avalanche zone.
16:27 of 1st period - Esa Lindell is hit by Jakob Chychrun.
16:41 of 1st period - Wrist shot by Jonathan Drouin.
16:41 of 1st period - Shot Misses the Net.
17:45 of 1st period - Snap shot by Michael Bunting.
17:45 of 1st period - Stopped by Calvin Pickard with a rebound.
17:57 of 1st period - Johnathan Kovacevic is hit by Brayden Point and loses puck.
18:16 of 1st period - Stefan Noesen is hit by Dylan DeMelo and loses puck.
19:50 of 1st period - Jonny Brodzinski is hit by Morgan Geekie.
Goals for this period are 0 for Canucks vs 0 for Avalanche.
Shots for this period are 2 for Canucks vs 11 for Avalanche.

2nd period


0:01 of 2nd period - Matt Duchene wins face-off versus Brayden Point in neutral zone.
0:28 of 2nd period - Snap shot by Tomas Tatar.
0:28 of 2nd period - Deflect By Jonny Brodzinski.
0:28 of 2nd period - Stopped by Jeremy Swayman with a rebound.
0:30 of 2nd period - Wrist shot by Jonny Brodzinski.
0:30 of 2nd period - Stopped by Jeremy Swayman without a rebound.
0:31 of 2nd period - Jonny Brodzinski wins face-off versus Bo Horvat in Avalanche zone.
0:40 of 2nd period - Snap shot by Max Pacioretty.
0:40 of 2nd period - Goal by Max Pacioretty - Canucks : 1 - Avalanche : 0.
0:41 of 2nd period - Matt Duchene wins face-off versus Brayden Point in neutral zone.
0:43 of 2nd period - Off-side.
0:44 of 2nd period - Matt Duchene wins face-off versus Brayden Point in neutral zone.
0:55 of 2nd period - Wrist shot by Jonathan Huberdeau.
0:55 of 2nd period - Stopped by Jeremy Swayman with a rebound.
1:11 of 2nd period - Artemi Panarin is hit by Oliver Ekman-Larsson.
1:15 of 2nd period - Slapshot by Jake Sanderson.
1:15 of 2nd period - Stopped by Calvin Pickard with a rebound.
1:17 of 2nd period - Slapshot by Alex Pietrangelo.
1:17 of 2nd period - Stopped by Calvin Pickard with a rebound.
1:19 of 2nd period - Snap shot by Bo Horvat.
1:19 of 2nd period - Shot Misses the Net.
1:21 of 2nd period - Snap shot by Jordan Kyrou.
1:21 of 2nd period - Shot Blocked by Jakob Chychrun.
1:35 of 2nd period - Snap shot by Jonny Brodzinski.
1:35 of 2nd period - Stopped by Jeremy Swayman with a rebound.
1:37 of 2nd period - Wrist shot by Max Pacioretty.
1:37 of 2nd period - Shot Misses the Net.
1:39 of 2nd period - Wrist shot by Jakob Chychrun.
1:39 of 2nd period - Stopped by Jeremy Swayman with a rebound.
2:01 of 2nd period - Wrist shot by David Pastrnak.
2:01 of 2nd period - Shot Misses the Net.
2:31 of 2nd period - Snap shot by Matt Duchene.
2:31 of 2nd period - Stopped by Jeremy Swayman with a rebound.
2:33 of 2nd period - Wrist shot by Matt Duchene.
2:33 of 2nd period - Shot Misses the Net.
2:35 of 2nd period - Slapshot by Carson Soucy.
2:35 of 2nd period - Stopped by Jeremy Swayman without a rebound.
2:36 of 2nd period - Casey Cizikas wins face-off versus Bo Horvat in Avalanche zone.
3:00 of 2nd period - Minor Penalty to Lane Hutson for Roughing.
3:01 of 2nd period - Matt Duchene wins face-off versus Bo Horvat in Canucks zone.
3:08 of 2nd period - Wrist shot by Jonathan Huberdeau.
3:08 of 2nd period - Stopped by Jeremy Swayman with a rebound.
4:33 of 2nd period - J.J. Peterka is hit by Jakob Chychrun and loses puck.
4:40 of 2nd period - Oliver Ekman-Larsson is hit by Jordan Kyrou and loses puck.
5:00 of 2nd period - Penalty to Lane Hutson is over, Lane Hutson is back on ice.
5:00 of 2nd period - Matt Duchene is hit by David Pastrnak and loses puck.
5:37 of 2nd period - Ryker Evans is hit by Johnathan Kovacevic and loses puck.
6:46 of 2nd period - Jonathan Huberdeau is hit by Logan O'Connor and loses puck.
8:08 of 2nd period - Off-side.
8:09 of 2nd period - Leo Carlsson wins face-off versus Jonny Brodzinski in neutral zone.
8:24 of 2nd period - Off-side.
8:25 of 2nd period - Matt Duchene wins face-off versus Brayden Point in neutral zone.
8:58 of 2nd period - Wrist shot by Jordan Kyrou.
8:58 of 2nd period - Stopped by Calvin Pickard with a rebound.
9:18 of 2nd period - Wrist shot by Tomas Tatar.
9:18 of 2nd period - Stopped by Jeremy Swayman with a rebound.
9:20 of 2nd period - Snap shot by Tomas Tatar.
9:20 of 2nd period - Shot Misses the Net.
9:22 of 2nd period - Snap shot by Tomas Tatar.
9:22 of 2nd period - Stopped by Jeremy Swayman with a rebound.
9:30 of 2nd period - Jordan Staal is hit by Johnathan Kovacevic.
9:44 of 2nd period - Snap shot by David Pastrnak.
9:44 of 2nd period - Shot Misses the Net.
9:46 of 2nd period - Slapshot by Alex Pietrangelo.
9:46 of 2nd period - Shot Blocked by Jakob Chychrun.
9:59 of 2nd period - Icing by Jakob Chychrun.
10:00 of 2nd period - Jordan Kyrou wins face-off versus Matt Duchene in Canucks zone.
10:23 of 2nd period - Minor Penalty to Oliver Ekman-Larsson for Cross-checking.
10:24 of 2nd period - Bo Horvat wins face-off versus Jonathan Huberdeau in Canucks zone.
10:29 of 2nd period - Backhand shot by David Pastrnak.
10:29 of 2nd period - Stopped by Calvin Pickard without a rebound.
10:30 of 2nd period - Matt Duchene wins face-off versus Bo Horvat in Canucks zone.
10:35 of 2nd period - Artemi Panarin is hit by Matt Duchene and loses puck.
11:21 of 2nd period - Icing by David Pastrnak.
11:22 of 2nd period - Matt Duchene wins face-off versus Bo Horvat in Avalanche zone.
11:43 of 2nd period - Wrist shot by Jordan Kyrou.
11:43 of 2nd period - Stopped by Calvin Pickard with a rebound.
11:45 of 2nd period - Slapshot by Alex Pietrangelo.
11:45 of 2nd period - Deflect By Stefan Noesen.
11:45 of 2nd period - Goal by Alex Pietrangelo - Canucks : 1 - Avalanche : 1.
11:46 of 2nd period - Matt Duchene wins face-off versus Brayden Point in neutral zone.
11:57 of 2nd period - Slapshot by David Pastrnak.
11:57 of 2nd period - Stopped by Calvin Pickard with a rebound.
12:01 of 2nd period - Slapshot by Brayden Point.
12:01 of 2nd period - Stopped by Calvin Pickard without a rebound.
12:02 of 2nd period - Matt Duchene wins face-off versus Bo Horvat in Canucks zone.
12:17 of 2nd period - Wrist shot by Jonathan Huberdeau.
12:17 of 2nd period - Stopped by Jeremy Swayman without a rebound.
12:18 of 2nd period - Brayden Point wins face-off versus Casey Cizikas in Avalanche zone.
12:41 of 2nd period - Esa Lindell is hit by Jonathan Drouin.
12:42 of 2nd period - Icing by Esa Lindell.
12:43 of 2nd period - Brayden Point wins face-off versus Matt Duchene in Avalanche zone.
12:58 of 2nd period - Slapshot by Brayden Point.
12:58 of 2nd period - Shot Misses the Net.
13:00 of 2nd period - Snap shot by Brayden Point.
13:00 of 2nd period - Shot Misses the Net.
13:07 of 2nd period - Minor Penalty to Travis Sanheim for Cross-checking.
13:08 of 2nd period - Jordan Staal wins face-off versus Matt Duchene in Avalanche zone.
13:24 of 2nd period - Slapshot by Matt Duchene.
13:24 of 2nd period - Shot Misses the Net.
13:34 of 2nd period - Esa Lindell is hit by Jonathan Drouin and loses puck.
15:07 of 2nd period - Penalty to Travis Sanheim is over, Travis Sanheim is back on ice.
15:13 of 2nd period - Off-side.
15:14 of 2nd period - Jonny Brodzinski wins face-off versus Brayden Point in neutral zone.
15:19 of 2nd period - Snap shot by Jonny Brodzinski.
15:19 of 2nd period - Stopped by Jeremy Swayman with a rebound.
15:21 of 2nd period - Wrist shot by Tomas Tatar.
15:21 of 2nd period - Deflect By Max Pacioretty.
15:21 of 2nd period - Shot Misses the Net.
15:21 of 2nd period - Puck is out of play.
15:22 of 2nd period - Tomas Tatar wins face-off versus Brayden Point in Avalanche zone.
15:25 of 2nd period - Snap shot by Jonny Brodzinski.
15:25 of 2nd period - Shot Misses the Net.
15:31 of 2nd period - Snap shot by Jonny Brodzinski.
15:31 of 2nd period - Stopped by Jeremy Swayman without a rebound.
15:32 of 2nd period - Bo Horvat wins face-off versus Matt Duchene in Avalanche zone.
15:47 of 2nd period - Snap shot by Jordan Kyrou.
15:47 of 2nd period - Deflect By Bo Horvat.
15:47 of 2nd period - Stopped by Calvin Pickard with a rebound.
16:24 of 2nd period - Jake Sanderson is hit by Max Pacioretty and loses puck.
16:41 of 2nd period - Snap shot by Michael Bunting.
16:41 of 2nd period - Stopped by Calvin Pickard with a rebound.
16:43 of 2nd period - Wrist shot by Leo Carlsson.
16:43 of 2nd period - Shot Misses the Net.
16:45 of 2nd period - Slapshot by Esa Lindell.
16:45 of 2nd period - Shot Misses the Net.
17:01 of 2nd period - Matt Duchene is hit by Esa Lindell and loses puck.
17:36 of 2nd period - Wrist shot by Matt Duchene.
17:36 of 2nd period - Stopped by Jeremy Swayman without a rebound.
17:37 of 2nd period - Casey Cizikas wins face-off versus Bo Horvat in Avalanche zone.
17:40 of 2nd period - Slapshot by Drew O'Connor.
17:40 of 2nd period - Goal by Drew O'Connor - Canucks : 2 - Avalanche : 1.
17:41 of 2nd period - Bo Horvat wins face-off versus Jonathan Drouin in neutral zone.
17:54 of 2nd period - Wrist shot by Artemi Panarin.
17:54 of 2nd period - Shot Misses the Net.
17:56 of 2nd period - Slapshot by Alex Pietrangelo.
17:56 of 2nd period - Stopped by Calvin Pickard with a rebound.
19:46 of 2nd period - Wrist shot by David Pastrnak.
19:46 of 2nd period - Deflect By Stefan Noesen.
19:46 of 2nd period - Stopped by Calvin Pickard without a rebound.
19:47 of 2nd period - Stefan Noesen wins face-off versus Jordan Kyrou in Canucks zone.
Goals for this period are 2 for Canucks vs 1 for Avalanche.
Shots for this period are 16 for Canucks vs 12 for Avalanche.

3rd period


0:01 of 3rd period - Matt Duchene wins face-off versus Bo Horvat in neutral zone.
0:04 of 3rd period - Jake Sanderson is hit by Stefan Noesen.
0:54 of 3rd period - Minor Penalty to Carson Soucy for Tripping.
0:55 of 3rd period - Bo Horvat wins face-off versus Matt Duchene in Canucks zone.
0:56 of 3rd period - Snap shot by Artemi Panarin.
0:56 of 3rd period - Shot Blocked by Vincent Desharnais.
0:58 of 3rd period - Slapshot by Jake Sanderson.
0:58 of 3rd period - Shot Hit the Post.
1:00 of 3rd period - Slapshot by Jake Sanderson.
1:00 of 3rd period - Stopped by Calvin Pickard without a rebound.
1:01 of 3rd period - Bo Horvat wins face-off versus Matt Duchene in Canucks zone.
1:12 of 3rd period - Snap shot by Artemi Panarin.
1:12 of 3rd period - Stopped by Calvin Pickard without a rebound.
1:13 of 3rd period - Matt Duchene wins face-off versus Bo Horvat in Canucks zone.
1:24 of 3rd period - Snap shot by Matt Duchene.
1:24 of 3rd period - Stopped by Jeremy Swayman without a rebound.
1:25 of 3rd period - Bo Horvat wins face-off versus Matt Duchene in Avalanche zone.
1:52 of 3rd period - Matt Duchene is hit by Brayden Point and loses puck.
2:41 of 3rd period - Jordan Kyrou is hit by Max Pacioretty and loses puck.
2:54 of 3rd period - Penalty to Carson Soucy is over, Carson Soucy is back on ice.
3:00 of 3rd period - Snap shot by Max Pacioretty.
3:00 of 3rd period - Stopped by Jeremy Swayman with a rebound.
3:15 of 3rd period - Jake Sanderson is hit by Max Pacioretty and loses puck.
3:24 of 3rd period - Wrist shot by Jordan Kyrou.
3:24 of 3rd period - Deflect By J.J. Peterka.
3:24 of 3rd period - Shot Misses the Net.
3:24 of 3rd period - Puck is out of play.
3:25 of 3rd period - Casey Cizikas wins face-off versus Leo Carlsson in Canucks zone.
3:30 of 3rd period - Leo Carlsson is hit by Vincent Desharnais and loses puck.
4:03 of 3rd period - Off-side.
4:04 of 3rd period - Matt Duchene wins face-off versus Jordan Staal in neutral zone.
4:18 of 3rd period - Wrist shot by Artemi Panarin.
4:18 of 3rd period - Stopped by Calvin Pickard without a rebound.
4:19 of 3rd period - Casey Cizikas wins face-off versus Brayden Point in Canucks zone.
4:54 of 3rd period - Wrist shot by Jonathan Huberdeau.
4:54 of 3rd period - Stopped by Jeremy Swayman without a rebound.
4:55 of 3rd period - Matt Duchene wins face-off versus Bo Horvat in Avalanche zone.
4:56 of 3rd period - Wrist shot by Jonathan Huberdeau.
4:56 of 3rd period - Shot Blocked by Travis Sanheim.
5:02 of 3rd period - Esa Lindell is hit by Jonathan Huberdeau and loses puck.
5:29 of 3rd period - Snap shot by Casey Cizikas.
5:29 of 3rd period - Stopped by Jeremy Swayman with a rebound.
6:11 of 3rd period - Jordan Kyrou is hit by Oliver Ekman-Larsson and loses puck.
6:26 of 3rd period - Lane Hutson is hit by Michael Bunting and loses puck.
6:45 of 3rd period - Slapshot by Matt Duchene.
6:45 of 3rd period - Deflect By Brayden Point.
6:45 of 3rd period - Shot Hit the Post.
6:45 of 3rd period - Puck is out of play.
6:46 of 3rd period - Kirby Dach wins face-off versus Brayden Point in Avalanche zone.
7:22 of 3rd period - Bo Horvat is hit by Jonathan Drouin and loses puck.
7:32 of 3rd period - Icing by Jonathan Drouin.
7:33 of 3rd period - Jordan Staal wins face-off versus Jonny Brodzinski in Canucks zone.
7:34 of 3rd period - Slapshot by J.J. Peterka.
7:34 of 3rd period - Stopped by Calvin Pickard without a rebound.
7:35 of 3rd period - Jordan Staal wins face-off versus Max Pacioretty in Canucks zone.
7:59 of 3rd period - Jordan Staal is hit by Max Pacioretty and loses puck.
8:12 of 3rd period - Snap shot by Jonny Brodzinski.
8:12 of 3rd period - Shot Blocked by Matty Beniers.
8:14 of 3rd period - Slapshot by Carson Soucy.
8:14 of 3rd period - Shot Misses the Net.
8:16 of 3rd period - Wrist shot by Carson Soucy.
8:16 of 3rd period - Stopped by Jeremy Swayman with a rebound.
8:18 of 3rd period - Slapshot by Johnathan Kovacevic.
8:18 of 3rd period - Deflect By Jonny Brodzinski.
8:18 of 3rd period - Stopped by Jeremy Swayman without a rebound.
8:19 of 3rd period - Brayden Point wins face-off versus Matt Duchene in Avalanche zone.
9:29 of 3rd period - Tomas Tatar is hit by Esa Lindell and loses puck.
9:52 of 3rd period - Snap shot by Brayden Point.
9:52 of 3rd period - Shot Misses the Net.
9:54 of 3rd period - Snap shot by Brayden Point.
9:54 of 3rd period - Stopped by Calvin Pickard without a rebound.
9:55 of 3rd period - Casey Cizikas wins face-off versus David Pastrnak in Canucks zone.
9:55 of 3rd period - Casey Cizikas is hit by David Pastrnak.
10:09 of 3rd period - Snap shot by Jonathan Drouin.
10:09 of 3rd period - Shot Misses the Net.
10:11 of 3rd period - Wrist shot by Casey Cizikas.
10:11 of 3rd period - Shot Blocked by Alex Pietrangelo.
10:32 of 3rd period - Wrist shot by Jordan Kyrou.
10:32 of 3rd period - Stopped by Calvin Pickard without a rebound.
10:33 of 3rd period - Brayden Point wins face-off versus Matt Duchene in Canucks zone.
10:52 of 3rd period - Brayden Point is hit by Jonathan Huberdeau and loses puck.
12:34 of 3rd period - Ryker Evans is hit by Max Pacioretty and loses puck.
12:56 of 3rd period - Snap shot by Matty Beniers.
12:56 of 3rd period - Shot Misses the Net.
12:58 of 3rd period - Slapshot by Dylan DeMelo.
12:58 of 3rd period - Deflect By Matt Duchene.
12:58 of 3rd period - Stopped by Calvin Pickard with a rebound.
13:08 of 3rd period - Leo Carlsson is hit by Drew O'Connor and loses puck.
13:17 of 3rd period - Drew O'Connor is hit by Logan O'Connor and loses puck.
13:39 of 3rd period - Artemi Panarin is hit by Casey Cizikas and loses puck.
13:44 of 3rd period - Snap shot by Jonathan Drouin.
13:44 of 3rd period - Shot Misses the Net.
13:56 of 3rd period - Morgan Geekie is hit by Johnathan Kovacevic.
14:08 of 3rd period - Brayden Point is hit by Max Pacioretty and loses puck.
14:19 of 3rd period - Stefan Noesen is hit by J.J. Peterka and loses puck.
14:26 of 3rd period - Dylan DeMelo is hit by Lane Hutson and loses puck.
14:46 of 3rd period - Wrist shot by Michael Bunting.
14:46 of 3rd period - Stopped by Calvin Pickard without a rebound.
14:47 of 3rd period - Jonny Brodzinski wins face-off versus Brayden Point in Canucks zone.
15:34 of 3rd period - Johnathan Kovacevic is hit by Artemi Panarin and loses puck.
15:57 of 3rd period - Matt Duchene is hit by Dylan DeMelo and loses puck.
16:06 of 3rd period - Snap shot by Brayden Point.
16:06 of 3rd period - Shot Misses the Net.
16:18 of 3rd period - Slapshot by Esa Lindell.
16:18 of 3rd period - Shot Misses the Net.
16:20 of 3rd period - Slapshot by Leo Carlsson.
16:20 of 3rd period - Stopped by Calvin Pickard with a rebound.
16:22 of 3rd period - Slapshot by Esa Lindell.
16:22 of 3rd period - Stopped by Calvin Pickard without a rebound.
16:23 of 3rd period - Jordan Staal wins face-off versus Max Pacioretty in Canucks zone.
16:30 of 3rd period - Jonny Brodzinski is hit by J.J. Peterka and loses puck.
16:43 of 3rd period - J.J. Peterka is hit by Jonny Brodzinski and loses puck.
17:22 of 3rd period - Snap shot by Artemi Panarin.
17:22 of 3rd period - Stopped by Calvin Pickard without a rebound.
17:23 of 3rd period - Kirby Dach wins face-off versus Jordan Staal in Canucks zone.
17:23 of 3rd period - Kirby Dach is hit by Esa Lindell.
18:15 of 3rd period - Wrist shot by Artemi Panarin.
18:15 of 3rd period - Stopped by Calvin Pickard without a rebound.
18:16 of 3rd period - Bo Horvat wins face-off versus Kirby Dach in Canucks zone.
18:21 of 3rd period - Snap shot by Jordan Kyrou.
18:21 of 3rd period - Deflect By Bo Horvat.
18:21 of 3rd period - Shot Blocked by Oliver Ekman-Larsson.
18:21 of 3rd period - Puck is out of play.
18:22 of 3rd period - Kirby Dach wins face-off versus Jordan Staal in Canucks zone.
19:00 of 3rd period - Avalanche, Jeremy Swayman is pulled from the net.
19:24 of 3rd period - Slapshot by Jakob Chychrun.
19:24 of 3rd period - Goal by Jakob Chychrun - Canucks : 3 - Avalanche : 1.
19:24 of 3rd period - Jeremy Swayman from Avalanche was sent back in the game.
19:25 of 3rd period - Jordan Staal wins face-off versus Kirby Dach in neutral zone.
19:28 of 3rd period - Slapshot by Esa Lindell.
19:28 of 3rd period - Stopped by Calvin Pickard with a rebound.
19:30 of 3rd period - Wrist shot by Jordan Staal.
19:30 of 3rd period - Stopped by Calvin Pickard with a rebound.
19:53 of 3rd period - Icing by Kirby Dach.
19:54 of 3rd period - Kirby Dach wins face-off versus Jordan Kyrou in Canucks zone.
19:54 of 3rd period - Kirby Dach is hit by Bo Horvat.
Goals for this period are 1 for Canucks vs 0 for Avalanche.
Shots for this period are 7 for Canucks vs 14 for Avalanche.